 Dungeon Crawl Stone Soup version 0.10.4 character file.

1057 MordorOrchid the Ruinous (level 7, 0/43 HPs)
             Began as an Octopode Fire Elementalist on Mar 23, 2020.
             Slain by a giant frog (7 damage)
             ... on Level 5 of the Dungeon.
             The game lasted 00:31:59 (6745 turns).

MordorOrchid the Ruinous (OpFE)                     Turns: 6745, Time: 00:32:00

HP   0/43        AC  1     Str  7      XL: 7   Next: 79%
MP   4/16        EV 13     Int 20      God:
Gold 296         SH  0     Dex 12      Spells:  5 memorised,  1 level left

Res.Fire  : . . .   See Invis. : .   b - +0 blowgun
Res.Cold  : . . .   Warding    : . . (no shield)
Life Prot.: . . .   Conserve   : .   (helmet restricted)
Res.Acid. : + . .   Res.Corr.  : +   J - amulet of resist corrosion
Res.Poison: .       Clarity    : .   (no ring)
Res.Elec. : .       Spirit.Shd : .   (no ring)
Sust.Abil.: . .     Stasis     : .   (no ring)
Res.Mut.  : .       Ctrl.Telep.: .   (no ring)
Res.Rott. : .       Levitation : .   (no ring)
Saprovore : . . .   Ctrl.Flight: .   (no ring)
                                     (no ring)
                                     (no ring)

@: very slightly contaminated, slightly resistant to hostile enchantments, quite
stealthy
A: almost no armour, amphibious, constrict 8, camouflage 1, tentacles 3, AC +1
a: no special abilities


You were on level 5 of the Dungeon.
You were very hungry.

You visited 1 branch of the dungeon, and saw 6 of its levels.

You collected 276 gold pieces.

Inventory:

Hand weapons
 a - a +1,+0 whip of electrocution
 b - a +0 blowgun (weapon)
 e - a +1,+1 orcish short sword
 x - a +0,+1 sling
 y - a +0,+0 elven dagger
 L - a -1,+0 orcish dagger
Missiles
 i - 18 exploding +0 darts
 j - a -1 throwing net
 k - 26 +0 arrows
 D - 18 poisoned +0 sling bullets
 K - 21 poisoned +0 needles (quivered)
 P - a +0 throwing net
Comestibles
 c - 5 bread rations
 v - 8 grapes
 C - 9 sultanas
 I - a banana
 M - 2 pears
Scrolls
 d - a scroll of curse weapon {unknown}
 l - a scroll of fear {unknown}
 t - a scroll of detect curse
 u - a scroll of fog {unknown}
 w - a scroll of curse jewellery {unknown}
 z - 5 scrolls of remove curse {unknown}
 Q - a scroll of immolation {unknown}
Jewellery
 J - an amulet of resist corrosion (around mantle)
 O - an uncursed amulet of resist mutation {unknown}
Potions
 g - a potion of slowing {unknown}
 h - a potion of agility {unknown}
 m - a potion of restore abilities
 n - a potion of levitation {unknown}
 p - a potion of mutation {unknown}
 q - a potion of invisibility
 r - a potion of experience
 s - a potion of paralysis
 E - a potion of might
Books
 o - a book of Flames

   Spells                             Type                      Level
   *Flame Tongue                      Conjuration/Fire             1
   *Throw Flame                       Conjuration/Fire             2
   *Conjure Flame                     Conjuration/Fire             3
   *Inner Flame                       Hexes/Fire                   3
   *Sticky Flame                      Conjuration/Fire             4
   Fireball                           Conjuration/Fire             5


   Skills:
 * Level 2.9 Fighting
 - Level 0.1 Short Blades
 * Level 4.1 Dodging
 - Level 3.0 Stealth
 * Level 4.4 Spellcasting
 * Level 4.6 Conjurations
 + Level 4.4 Fire Magic


You had one spell level left.
You knew the following spells:

 Your Spells              Type           Power        Failure   Level  Hunger
a - Flame Tongue          Fire/Conj      ####..       1%          1    None
b - Throw Flame           Fire/Conj      ####...      2%          2    Sultana
c - Conjure Flame         Fire/Conj      ####.....    8%          3    Choko
d - Inner Flame           Fire/Hex       ###......    17%         3    Choko
e - Sticky Flame          Fire/Conj      ####.....    21%         4    Honeycomb

Dungeon Overview and Level Annotations

Branches:
Dungeon (6/27)
 Temple: D:4-7          Orc: D:6-11

Altars:
Fedhas
Okawaru
Zin

Shops:
D:5: [


Innate Abilities, Weirdness & Mutations

You cannot wear most types of armour.
You can wear up to eight rings at the same time.
You are amphibious.
You can use your tentacles to constrict many enemies at once.
Your rubbery body absorbs attacks (AC +1).
Your skin changes colour to match your surroundings (Stlth).
You have a mass of large tentacles instead of arms.


Message History

Confirm with . or Enter, or press ? or * to list all spells.
Aiming: Sticky Flame
Press: ? - help, Shift-Dir - straight line, f/p - giant frog
Aim: a giant frog You miscast Sticky Flame.
Nothing appears to happen.
You are feeling very hungry.
The giant frog hits you!
* * * LOW HITPOINT WARNING * * *
The giant frog hits you.
* * * LOW HITPOINT WARNING * * *
Casting: Sticky Flame
Confirm with . or Enter, or press ? or * to list all spells.
Aiming: Sticky Flame
Press: ? - help, Shift-Dir - straight line, f/p - giant frog
Aim: a giant frog The sticky flame hits the giant frog.
The giant frog is moderately wounded.
The giant frog is covered in liquid flames!
The giant frog burns!
The giant frog hits you!
You die...

#.##.#.# #.##.#.#
#.##.#.# #.##.#.#
.....#.# #.####.#
#.# #.# ..#
#.###########
######.........F@#
.....)...#########
####.........#
[[.#.###)###.###
##∩###.........#
.......#.#.#.#.#
......[..#.#.#.#
......####.#.#.#
...........#.#.#


You could see a giant frog (burning).

Vanquished Creatures
  3 ogres
  A water moccasin skeleton (D:4)
  A hound skeleton (D:2)
  2 orc wizards (D:5)
  2 orc priests (D:5)
  An iguana (D:4)
  A scorpion (D:5)
  2 worker ants (D:5)
  Ijyb (D:5)
  Jessica (D:2)
  10 adders
  A worm (D:4)
  2 giant mites (D:4)
  3 giant geckos
  2 oozes
  5 orcs
  6 giant cockroaches
  5 hobgoblins
  2 jackals (D:3)
  15 kobolds
  5 ball pythons
  13 bats
  3 giant newts
  18 goblins
  7 rats
  A toadstool (D:5)
113 creatures vanquished.

Vanquished Creatures (others)
  A ball python (D:5)
  A giant newt (D:5)
  A rat (D:4)
  18 toadstools
21 creatures vanquished.

Grand Total: 134 creatures vanquished

Notes
Turn   | Place    | Note
--------------------------------------------------------------
     0 | D:1      | MordorOrchid, the Octopode Fire Elementalist, began the quest for the Orb.
     0 | D:1      | Reached XP level 1. HP: 11/11 MP: 3/3
   592 | D:1      | Reached XP level 2. HP: 17/17 MP: 4/4
   699 | D:1      | Learned a level 2 spell: Throw Flame
  1105 | D:2      | Noticed Jessica
  1111 | D:2      | Paralysed by a potion of paralysis for 7 turns
  1129 | D:2      | Killed Jessica
  1129 | D:2      | Reached skill level 1 in Fighting
  1129 | D:2      | Reached XP level 3. HP: 8/21 MP: 1/6
  1896 | D:2      | Reached XP level 4. HP: 27/27 MP: 5/8
  1901 | D:2      | Learned a level 3 spell: Conjure Flame
  2895 | D:3      | Reached XP level 5. HP: 20/32 MP: 5/10
  3511 | D:3      | Found a glowing silver altar of Zin.
  3879 | D:4      | Found an iron altar of Okawaru.
  4136 | D:4      | Reached XP level 6. HP: 37/37 MP: 4/12
  4141 | D:4      | Learned a level 3 spell: Inner Flame
  4830 | D:4      | Found a blossoming altar of Fedhas.
  4898 | D:5      | Entered Level 5 of the Dungeon
  4979 | D:5      | Found Schoaz Roco's Antique Armour Shop.
  5160 | D:5      | Reached skill level 4 in Conjurations
  5230 | D:5      | Reached XP level 7. HP: 41/43 MP: 10/16
  5278 | D:5      | Learned a level 4 spell: Sticky Flame
  5661 | D:5      | HP: 2/43 [orc priest/divine providence (16)]
  6480 | D:6      | Noticed Ijyb
  6498 | D:5      | Killed Ijyb
  6745 | D:5      | Slain by a giant frog
